 Dungeon Crawl Stone Soup version 0.18.1-48-g4cf74bf (console) character file.

2062 Kloppie the Fighter (level 9, 0/83 HPs)
             Began as a Centaur Berserker on Sept 12, 2016.
             Was a Priest of Trog.
             Slain by Prince Ribbit (6 damage)
             ... on level 5 of the Dungeon.
             The game lasted 00:07:46 (4917 turns).

Kloppie the Fighter (Centaur Berserker)             Turns: 4917, Time: 00:07:46

Health: 0/83       AC: 15    Str: 21    XL:     9   Next: 5%
Magic:  9/9        EV:  4    Int:  6    God:    Trog [***...]
Gold:   261        SH:  0    Dex: 11    Spells: 0 memorised, 8 levels left

rFire  . . .     SeeInvis .     a - +0 flail
rCold  . . .     Gourm    .     p - +0 plate armour
rNeg   . . .     Faith    .     (no shield)
rPois  .         Spirit   .     s - +0 helmet
rElec  .         Dismiss  .     x - +2 cloak
rCorr  .         Reflect  .     k - +2 pair of gloves
SustAt .         Harm     .     (no barding)
MR     ++...                    (no amulet)
Stlth  ..........               (no ring)
                                (no ring)

@: regenerating, very quick, very resistant to hostile enchantments, extremely
unstealthy
A: hooves 3, deformed body, speed 2, tough skin 3
a: Berserk, Trog's Hand, Burn Spellbooks, Renounce Religion


You were on level 5 of the Dungeon.
You worshipped Trog.
Trog was most pleased with you.
You were not hungry.

You visited 1 branch of the dungeon, and saw 5 of its levels.

You collected 261 gold pieces.

Inventory:

Hand Weapons
 a - a +0 flail (weapon)
 t - a +0 mace
Armour
 k - a +2 pair of gloves (worn)
 p - a +0 plate armour (worn)
 s - a +0 helmet (worn)
 x - a +2 cloak (worn)
Jewellery
 b - an uncursed ring of positive energy {unknown}
 d - an uncursed ring of protection from cold {unknown}
 n - an uncursed ring of protection from fire {unknown}
 o - an uncursed ring of protection from cold {unknown}
Wands
 f - a wand of slowing (2/48)
Scrolls
 g - 2 scrolls of recharging {unknown}
 h - a scroll of remove curse {unknown}
 j - 2 scrolls of blinking {unknown}
 l - 6 scrolls of identify {unknown}
 q - a scroll of amnesia {unknown}
 u - 5 scrolls of noise {unknown}
 v - 3 scrolls of teleportation {unknown}
 y - a scroll of magic mapping {unknown}
Potions
 c - a potion of lignification {unknown}
 e - a potion of cancellation {unknown}
 m - a potion of heal wounds {unknown}
 r - a potion of brilliance {unknown}
Comestibles
 i - 3 meat rations
 w - a bread ration


   Skills:
 + Level 9.0 Fighting
 + Level 8.2 Maces & Flails
 - Level 1.3 Armour
 - Level 1.3 Dodging


You had 8 spell levels left.
You didn't know any spells.

Dungeon Overview and Level Annotations

Branches:
Dungeon (5/15)             Temple (0/1) D:5

Altars:
Cheibriados
Nemelex Xobeh
Yredelemnul

Annotations:
D:5 Prince Ribbit


Innate Abilities, Weirdness & Mutations

You have hooves in place of feet.
Armour fits poorly on your strangely shaped body.
You cover ground very quickly.
You have extremely tough skin (AC +3).


Message History

Prince Ribbit is moderately wounded.
Prince Ribbit winks and puckers his lips.
Prince Ribbit hits you but does no damage.
You miss Prince Ribbit. Your kick misses Prince Ribbit.
Prince Ribbit is moderately wounded.
Prince Ribbit hits you!
* * * LOW HITPOINT WARNING * * *
You closely miss Prince Ribbit.
Prince Ribbit is moderately wounded.
Prince Ribbit hits you but does no damage.
Prince Ribbit hits you!
* * * LOW HITPOINT WARNING * * *
You miss Prince Ribbit. You kick Prince Ribbit.
Prince Ribbit is heavily wounded.
Prince Ribbit hits you but does no damage.
Eat which item? (? for menu, Esc to quit)
Prince Ribbit hits you.
* * * LOW HITPOINT WARNING * * *
Prince Ribbit hits you.
You die...

.......###<#######
.................#
'#......##.#####.#
.###+#..##.#.....######
.....#..##.#.######...#
..####..##.#.#..###.#.#
..# .> #.#.#...##.#.#
..# #.#.##.F##.#.# ..#
#.#....@##.#.# ....#
#####....#.# .####
######.# .. ####.# ##
#....# #.#### #.# ###.#
#...#


You could see Prince Ribbit.

Vanquished Creatures
  The ghost of aasdaszadsads the Chopper, a novice HOBe of Trog (D:5)
  The ghost of Elizilla the Covered, a novice FoFi of Dithmenos (D:4)
  Grinder (D:4)
  Sigmund (D:4)
  Duvessa (D:5)
  An ice beast (D:5)
  A sky beast (D:4)
  A centaur (D:5)
  An ogre (D:4)
  Dowan (D:5)
  A scorpion (D:4)
  A howler monkey (D:4)
  A hound (D:4)
  A jelly (D:5)
  An orc priest (D:4)
  An orc wizard (D:4)
  A gnoll shaman (D:4)
  2 iguanas
  6 adders
  5 gnolls (D:4)
  3 oozes
  An adder skeleton (D:4)
  An adder zombie (D:5)
  A worm (D:2)
  3 dart slugs
  3 giant geckos
  6 orcs
  A ball python (D:1)
  5 bats
  3 giant cockroaches
  8 hobgoblins
  4 jackals (D:2)
  6 kobolds
  A quokka (D:5)
  2 giant newts
  10 goblins
  9 rats
97 creatures vanquished.

Notes
Turn   | Place    | Note
--------------------------------------------------------------
     0 | D:1      | Kloppie the Centaur Berserker began the quest for the Orb.
     0 | D:1      | Reached XP level 1. HP: 19/19 MP: 1/1
   155 | D:1      | Reached XP level 2. HP: 22/26 MP: 2/2
   316 | D:1      | Reached ** piety under Trog
   394 | D:1      | Reached XP level 3. HP: 29/33 MP: 3/3
  1143 | D:2      | Reached skill level 4 in Fighting
  1245 | D:2      | Found a sparkling altar of Nemelex Xobeh.
  1465 | D:2      | Reached XP level 4. HP: 30/40 MP: 4/4
  1808 | D:3      | Found a basalt altar of Yredelemnul.
  1811 | D:3      | Found a snail-covered altar of Cheibriados.
  1843 | D:3      | Reached *** piety under Trog
  2576 | D:4      | Noticed Grinder
  2632 | D:4      | Killed Grinder
  2632 | D:4      | Reached skill level 5 in Fighting
  2632 | D:4      | Reached XP level 5. HP: 48/48 MP: 5/5
  2632 | D:4      | Reached XP level 6. HP: 56/56 MP: 6/6
  2641 | D:4      | Reached skill level 5 in Maces & Flails
  2731 | D:4      | Noticed Elizilla's ghost (novice FoFi)
  2747 | D:4      | Killed Elizilla's ghost
  2747 | D:4      | Reached skill level 6 in Fighting
  2747 | D:4      | Reached XP level 7. HP: 64/64 MP: 7/7
  2832 | D:4      | Noticed Sigmund
  3110 | D:4      | Killed Sigmund
  3110 | D:4      | Reached skill level 7 in Fighting
  3658 | D:4      | Reached XP level 8. HP: 43/73 MP: 8/8
  3800 | D:4      | Found a sparkling altar of Nemelex Xobeh.
  3821 | D:5      | Entered Level 5 of the Dungeon
  4105 | D:5      | Found a staircase to the Ecumenical Temple.
  4131 | D:5      | Noticed Dowan
  4132 | D:5      | Noticed Duvessa
  4143 | D:5      | Killed Duvessa
  4143 | D:5      | Reached skill level 8 in Fighting
  4151 | D:5      | Killed Dowan
  4522 | D:5      | Noticed Prince Ribbit
  4594 | D:5      | Noticed aasdaszadsads's ghost (novice HOBe)
  4617 | D:5      | Killed aasdaszadsads's ghost
  4617 | D:5      | Reached skill level 9 in Fighting
  4617 | D:5      | Reached XP level 9. HP: 31/83 MP: 9/9
  4917 | D:5      | Slain by Prince Ribbit

Skill      XL: |  1  2  3  4  5  6  7  8 |
---------------+-------------------------+-----
Maces & Flails | 3 4 5 6 8 |  8.2
Fighting       | 4 5 6 7 9 |  9.0
Armour         | |  1.3
Dodging        | |  1.3

Action                   |  1- 3 |  4- 6 |  7- 9 || total
-------------------------+-------+-------+-------++-------
Melee: Mace              |   132 |    26 |       ||   158
       Kick              |    19 |    25 |    53 ||    97
       Flail             |       |    73 |   189 ||   262
Invok: Berserk           |     1 |     2 |     4 ||     7
       Trog's Hand       |       |     1 |     4 ||     5
  Eat: Chunk             |     2 |     4 |     6 ||    12
       Bread ration      |       |       |     2 ||     2
Armor: Animal skin       |    31 |       |       ||    31
       Plate armour      |    48 |    78 |   148 ||   274
Dodge: Dodged            |    62 |    22 |    47 ||   131
